 Dungeon Crawl Stone Soup version 0.27-a0-1154-gfdeffcb720 (webtiles) character file.

Game seed: 13834946323981802499

128 Ijustatesigmund the Chopper (level 5, -5/47 HPs)
             Began as a Hill Orc Fighter on May 14, 2021.
             Slain by an ogre
             ... wielding a +0 giant club
              (12 damage)
             ... on level 4 of the Dungeon.
             The game lasted 00:04:16 (2651 turns).

Ijustatesigmund the Chopper (Hill Orc Fighter)      Turns: 2651, Time: 00:04:16

Health: -5/47      AC:  9    Str: 19    XL:     5   Next: 11%
Magic:  14/14      EV:  7    Int:  9    God:
Gold:   145        SH:  9    Dex: 10    Spells: 4/4 levels left

rFire    . . .     SeeInvis .   a - +0 war axe
rCold    . . .     Faith    .   c - +0 kite shield
rNeg     . . .     Spirit   .   b - +0 scale mail
rPois    .         Reflect  .   f - +1 helmet
rElec    .         Harm     .   (no cloak)
rCorr    .         Rampage  .   (no gloves)
Will     .....                  (no boots)
Stlth    ..........             (no amulet)
HPRegen  0.15/turn              k - ring of magical power
MPRegen  0.14/turn              l - ring of wizardry

@: mighty
A: no striking features
a: no special abilities


You were on level 4 of the Dungeon.
You visited 1 branch of the dungeon, and saw 4 of its levels.

You collected 145 gold pieces.

Inventory:

Hand Weapons
 a - a +0 war axe (weapon)
 e - a +2 mace of holy wrath
Armour
 b - a +0 scale mail (worn)
 c - a +0 kite shield (worn)
 f - a +1 helmet (worn)
Jewellery
 h - a +4 ring of protection
 k - a ring of magical power (left hand)
 l - a ring of wizardry (right hand)
Potions
 g - a potion of attraction {unknown}
 i - 2 potions of curing
 j - a potion of invisibility {unknown}
 m - a potion of magic {unknown}
 n - a potion of heal wounds {unknown}


   Skills:
 + Level 4.7 Fighting
 + Level 4.9 Axes
 - Level 3.2 Armour
 + Level 1.7 Dodging
 - Level 3.2 Shields


You had 4 spell levels left.
You didn't know any spells.
Your spell library contained the following spells:

 Spells                   Type           Power      Damage    Failure   Level
 Magic Dart               Conj           0%         1d3       89%         1
 Searing Ray              Conj           0%         3d3       96%         2
 Dazzling Flash           Conj/Hex       0%         N/A       99%         3
 Fulminant Prism          Conj/Hex       0%         3d6       100%        4
 Iskenderun's Mystic Bla  Conj/Tloc      0%         2d3       100%        4


Dungeon Overview and Level Annotations

Branches:
Dungeon (4/15)
 Temple: D:4-7

Altars:
Cheibriados
Okawaru
Uskayaw
Yredelemnul
The Shining One

Shops:
D:1 ?

Annotations:
D:2 Sigmund
D:3 3 runed translucent doors, Lekart's ghost, amateur DrCK; crabbyslav's ghost, weakling DsGl


Message History

Natasha casts a spell.
You slash Natasha!
Natasha is severely wounded.
Natasha claws you but does no damage.
You barely miss Natasha.
Natasha is severely wounded.
You block Natasha's attack. The white imp hits you. The white imp freezes you.
Natasha claws you but does no damage.
You closely miss Natasha.
Natasha is severely wounded.
You hit the white imp but do no damage.
Natasha casts a spell.
The white imp hits you but does no damage.
You hit Natasha.
You kill Natasha!
Natasha growls in agony!
The white imp disappears in a puff of smoke!
The crimson imp disappears in a puff of smoke!
You have reached level 5!
You feel stronger.
An ogre comes into view. It is wielding a +0 giant club.
The ogre shouts!
You barely miss the ogre. The ogre hits you with a +0 giant club!
A quokka comes into view.
Your shield and scale mail prevent you from hitting the ogre.
The ogre hits you with a +0 giant club!
You hit the ogre.
The ogre is lightly wounded.
The ogre hits you with a +0 giant club!
* * * LOW HITPOINT WARNING * * *
You are too injured to fight recklessly!
You are too injured to fight recklessly!
You feel very mighty all of a sudden. The ogre hits you with a +0 giant club!
* * * LOW HITPOINT WARNING * * *
You slash the ogre!
The ogre is severely wounded.
You closely miss the quokka. The quokka completely misses you.
The ogre hits you with a +0 giant club!
You die...

######### ### .......#
######.. ###...#.#
#.......
..>.....#########.####..
####.......<.......# ##.
.......(..########## #.
##.......##### #.
#......r....# ##
#.....@O##... #...$...#
.# ####.##.# #
........##.# .######.#
.# #.# .# #.# ## #.# #.#


You could see an ogre and a quokka.

Vanquished Creatures
  A jelly (D:4)
  Natasha (D:4)
  A hound skeleton (D:4)
  Robin (D:2)
  An adder (D:3)
  A worm (D:3)
  An orc (D:3)
  2 endoplasms
  2 giant cockroaches (D:2)
  10 goblins
  3 hobgoblins
  4 kobolds
  2 quokkas (D:1)
  4 ball pythons (D:1)
  A rat (D:3)
35 creatures vanquished.

Vanquished Creatures (others)
  2 plants (D:1)
2 creatures vanquished.

Grand Total: 37 creatures vanquished

Notes
Turn   | Place    | Note
-------+----------+-------------------------------------------
     0 | D:1      | Ijustatesigmund the Hill Orc Fighter began the quest for
                  | the Orb.
     0 | D:1      | Reached XP level 1. HP: 19/19 MP: 1/1
    15 | D:1      | Found Muptoi's Magic Scroll Shop.
    93 | D:1      | Reached XP level 2. HP: 27/27 MP: 2/2
  1000 | D:1      | Found a faded altar of an unknown god.
  1169 | D:2      | Noticed Sigmund
  1225 | D:2      | Noticed Robin
  1444 | D:2      | Reached XP level 3. HP: 33/33 MP: 3/3
  1447 | D:2      | Killed Robin
  1448 | D:2      | Reached skill level 1 in Dodging
  1656 | D:2      | Found a glowing golden altar of the Shining One.
  1752 | D:3      | Found a runed translucent gate.
  1753 | D:3      | Found a runed translucent gate.
  1757 | D:3      | Found a runed translucent gate.
  1768 | D:3      | Noticed Lekart's ghost (amateur DrCK)
  1768 | D:3      | Noticed crabbyslav's ghost (weakling DsGl)
  1984 | D:3      | Reached XP level 4. HP: 40/40 MP: 4/4
  2137 | D:3      | Found a hide-covered altar of Uskayaw.
  2140 | D:3      | Found a basalt altar of Yredelemnul.
  2140 | D:3      | Found a snail-covered altar of Cheibriados.
  2207 | D:3      | Found an iron altar of Okawaru.
  2618 | D:4      | Noticed Natasha
  2625 | D:4      | Killed Natasha
  2626 | D:4      | Reached XP level 5. HP: 43/47 MP: 5/5
  2644 | D:4      | Noticed an ogre
  2651 | D:4      | Slain by an ogre

Illustrated notes

Levels and vault maps discovered:
D:1:      minmay_arrival_four_houses, layout_loops_corners, serial_forest,
          infiniplex_forest_zigzag_2, infiniplex_forest_end_2,
          infiniplex_forest_clump_large, infiniplex_forest_lined_3,
          infiniplex_forest_lined_2, infiniplex_forest_end_2,
          infiniplex_forest_clump_large, infiniplex_forest_clump_small,
          ebering_ecumenical_altar_box, serial_shops, shop,
          minmay_misc_feat_secret_circle
D:2:      layout_loops_ring, basic_altar, minmay_close_crescents, uniq_robin,
          uniq_sigmund
D:3:      layout_basic, grunt_temple_overflow_open, gammafunk_ghost_cemetery
D:4:      layout_loops_ring, grunt_temple_overflow_lords_of_destruction,
          nicolae_kikubaaqudgha_miasma_corner, uniq_eustachio, uniq_natasha,
          uniq_blork_the_orc

Skill      XL: |  1  2  3 |
---------------+----------+-----
Axes           | 3 4 |  4.9
Fighting       | 4 |  4.7
Dodging        | 1 |  1.7
Armour         | |  3.2
Shields        | |  3.2

Action                   |  1- 3 |  4- 6 || total
-------------------------+-------+-------++-------
Melee: War axe           |    60 |    22 ||    82
  Use: Scroll            |     4 |     3 ||     7
       Potion            |       |     1 ||     1
Armor: Scale mail        |    38 |     9 ||    47
Dodge: Dodged            |    17 |     8 ||    25
Block: Kite shield       |    35 |     8 ||    43

Table legend: (Time is in decaauts)
 A = Elapsed time spent in this place.
 B = Non-inter-level travel time spent in this place.
 C = Inter-level travel time spent in this place.
 D = Time resting spent in this place.
 E = Time spent auto-exploring this place.
 F = Levels seen in this place.
 G = Mean time per level.
                   A        B        C        D        E       F      G
               +--------+--------+--------+--------+--------+-----+--------+
         Total |   2698 |   2650 |     48 |    457 |   1883 |   4 |  674.5 |
       Dungeon |   2698 |   2650 |     48 |    457 |   1883 |   4 |  674.5 |
               +--------+--------+--------+--------+--------+-----+--------+

Top non-repeatable levels by time:
     D:1: 1445 daAuts
     D:3: 604 daAuts
     D:4: 328 daAuts
     D:2: 320 daAuts
